 Dungeon Crawl Stone Soup version 0.24-a0-254-gf493760 (webtiles) character file.

Game seed: 13831451413194550483

62757 MatthieuS the Severer (level 15, -2/139 HPs)
             Began as a Hill Orc Fighter on Apr 18, 2019.
             Was a High Priest of Qazlal.
             Slain by a white ugly thing (21 damage)
             ... on level 12 of the Dungeon.
             The game lasted 00:51:58 (23711 turns).

MatthieuS the Severer (Hill Orc Fighter)           Turns: 23711, Time: 00:51:58

Health: -2/139     AC: 23    Str: 26    XL:     15   Next: 7%
Magic:  16/22      EV: 12    Int:  8    God:    Qazlal [*****.]
Gold:   795        SH:  6    Dex: 17    Spells: 18/20 levels left

rFire    + . .     SeeInvis +   a - +7 battleaxe (elec)
rCold    + . .     Gourm    .   (shield currently unavailable)
rNeg     . . .     Faith    .   G - +4 chain mail {rPois}
rPois    +         Spirit   .   m - +2 hat {SInv}
rElec    .         Reflect  .   n - +1 cloak
rCorr    .         Harm     .   O - +1 pair of gloves {Dex+3}
MR       ++...                  (no boots)
Stlth    ..........             (no amulet)
HPRegen  0.33/turn              b - ring of protection from fire
MPRegen  0.18/turn              x - ring "Vidd" {*Drain rPois MR+ Dex+4}

@: protected from cold, repel missiles
A: no striking features
a: Upheaval, Elemental Force, Disaster Area, Renounce Religion


You were on level 12 of the Dungeon.
You worshipped Qazlal.
Qazlal was extremely pleased with you.
You were not hungry.

You visited 3 branches of the dungeon, and saw 20 of its levels.
You visited 1 bazaar.
You also visited: Gauntlet.

You collected 2130 gold pieces.
You spent 1335 gold pieces at shops.

Inventory:

Hand Weapons
 a - a +7 battleaxe of electrocution (weapon)
   (You took it off a minotaur in a Gauntlet)
 q - a +0 broad axe of freezing
   (You found it on level 11 of the Dungeon)
 F - a +2 battleaxe of chopping
   (You took it off an orc warrior on level 5 of the Dungeon)
 M - a +0 broad axe
   (You found it on level 5 of the Lair of Beasts)
Armour
 m - a +2 hat of see invisible (worn)
   (You found it in a Gauntlet)
 n - a +1 cloak (worn)
   (You took it off Crazy Yiuf on level 2 of the Dungeon)
 G - a +4 chain mail of poison resistance (worn)
   (You took it off a minotaur in a Gauntlet)
 O - a +1 pair of gloves of dexterity (worn)
   (You bought it in a shop on level 2 of the Orcish Mines)
Jewellery
 b - a ring of protection from fire (left hand)
   (You found it in a Gauntlet)
 k - an uncursed ring of resist corrosion
   (You found it on level 1 of the Dungeon)
 x - the ring "Vidd" (right hand) {*Drain rPois MR+ Dex+4}
   (You bought it in a shop in a bazaar)

   [ring of poison resistance]

   It affects your dexterity (+4).
   It protects you from poison.
   It affects your resistance to hostile enchantments.
   It causes draining when unequipped.
Wands
 s - a wand of polymorph (1)
   (You took it off Eustachio on level 5 of the Dungeon)
 t - a wand of flame (15)
   (You took it off Blork the orc on level 6 of the Dungeon)
 v - a wand of digging (5)
   (You found it on level 9 of the Dungeon)
 I - a wand of enslavement (11)
   (You found it in a Gauntlet)
 K - a wand of clouds (3)
   (You found it on level 4 of the Lair of Beasts)
Scrolls
 c - 3 scrolls of fog
 g - 2 scrolls of remove curse {@r2}
 h - 5 scrolls of enchant weapon
 o - 6 scrolls of amnesia
 p - a scroll of enchant armour
 r - a scroll of fear
 u - 8 scrolls of teleportation {@r4}
 y - a scroll of vulnerability {!r}
 A - a scroll of immolation {!r}
 B - 2 scrolls of summoning
 E - a scroll of blinking
 L - 2 scrolls of magic mapping
Potions
 d - 4 potions of brilliance
 f - a potion of heal wounds {@q2}
 i - a potion of agility
 l - 4 potions of curing {@q1}
 w - 2 potions of might
 z - 3 potions of haste {@q3}
 C - 2 potions of lignification {!q}
 H - a potion of invisibility
 J - 2 potions of mutation {!q}
Miscellaneous
 j - a fan of gales
   (You found it in a Gauntlet)
Comestibles
 e - 30 rations
 D - 35 chunks of flesh


   Skills:
 + Level 14.9 Fighting
 + Level 19.4 Axes
 + Level 11.7 Armour
 - Level 5.2 Dodging
   Level 3.2 Shields
 - Level 3.3 Spellcasting
 - Level 5.0 Translocations
 + Level 10.4 Invocations


You had 18 spell levels left.
You knew the following spells:

 Your Spells              Type           Power        Failure   Level  Hunger
b - Blink                 Tloc           N/A          26%         2    ###....

Your spell library contained the following spells:

 Spells                   Type           Power        Failure   Level  Hunger
 Gell's Gravitas          Tloc           #.........   45%         3    ####...
 Lesser Beckoning         Tloc           #.........   45%         3    ####...
 Teleport Other           Tloc           #.......     45%         3    ####...
 Shroud of Golubria       Chrm/Tloc      #.........   58%         2    ###....
 Confusing Touch          Hex            #.....       80%         1    ##.....
 Freeze                   Ice            #...         80%         1    ##.....
 Infusion                 Chrm           #...         80%         1    ##.....
 Magic Dart               Conj           #...         80%         1    ##.....
 Sandblast                Erth           #.....       80%         1    ##.....
 Passage of Golubria      Tloc           N/A          86%         4    #####..
 Call Imp                 Summ           #.......     91%         2    ###....
 Passwall                 Tmut/Erth      #.......     91%         2    ###....
 Searing Ray              Conj           #.....       91%         2    ###....
 Slow                     Hex            #.......     91%         2    ###....
 Song of Slaying          Chrm           #.......     91%         2    ###....
 Throw Frost              Conj/Ice       #.....       91%         2    ###....
 Confuse                  Hex            #.......     99%         3    ####...
 Conjure Flame            Conj/Fire      #.......     99%         3    ####...
 Dazzling Spray           Conj/Hex       #.....       99%         3    ####...
 Mephitic Cloud           Conj/Pois/Air  #.......     99%         3    ####...
 Ozocubu's Armour         Chrm/Ice       #.......     99%         3    ####...
 Regeneration             Chrm/Necr      #.........   99%         3    ####...
 Spectral Weapon          Hex/Chrm       #.......     99%         3    ####...
 Stone Arrow              Conj/Erth      #.....       99%         3    ####...
 Force Lance              Conj/Tloc      #.......     99%         4    #####..
 Fulminant Prism          Conj/Hex       #.........   100%        4    #####..
 Iskenderun's Mystic Bla  Conj           #.......     100%        4    #####..
 Petrify                  Tmut/Erth      #.......     100%        4    #####..
 Summon Ice Beast         Ice/Summ       #.......     100%        4    #####..
 Throw Icicle             Conj/Ice       #.......     100%        4    #####..
 Lee's Rapid Deconstruct  Erth           #.........   100%        5    ######.
 Metabolic Englaciation   Hex/Ice        #.........   100%        5    ######.
 Yara's Violent Unravell  Hex/Tmut       #.........   100%        5    ######.


Dungeon Overview and Level Annotations

Branches:
Dungeon (12/15)            Temple (0/1) D:7            Lair (6/6) D:11
 Shoals (0/4) Lair:4        Snake (0/4) Lair:3        Slime (0/5) Lair:5
    Orc (2/2) D:9             Elf (0/3) Orc:2

Altars:
Fedhas
Kikubaaqudgha
Nemelex Xobeh
Qazlal
Wu Jian
Xom
Beogh

Shops:
Orc:2 %*:}


Message History

You kill the orc priest!
Qazlal accepts your kill.
The orc priest shouts, "Beogh is our master!
Accept the truth or die!"
You block the orc's attack.
Items here: ) [[ † a +0 ring mail; a +0 dagger; a +0 robe; an orc corpse You closely miss the wraith.
You slash the orc!
You kill the orc!
Qazlal accepts your kill. The wraith hits you but does no damage.
You barely miss the wraith. You closely miss the orc priest.
A white ugly thing comes into view.
You block the orc priest's attack.
You slice the wraith!! You closely miss the orc priest. The wraith hits you.
The wraith drains your vigour!
You feel yourself slow down.
The orc priest is struck by lightning.
You kill the orc priest!
Qazlal accepts your kill.
You hear a howl! x3; You hear an angry buzzing noise. x4
You slash the wraith!
You destroy the wraith!
Qazlal accepts your kill.
You hear a howl!
You hear an angry buzzing noise.
The white ugly thing claws you. The white ugly thing freezes you!!
You barely miss the white ugly thing.
The white ugly thing is engulfed in freezing vapours.
The white ugly thing claws you. The white ugly thing freezes you!!
* * * LOW HITPOINT WARNING * * *
You barely miss the white ugly thing.
The white ugly thing is engulfed in freezing vapours.
The white ugly thing barely misses you.
Unknown command.
You closely miss the white ugly thing.
The white ugly thing is engulfed in freezing vapours.
The white ugly thing claws you.
* * * LOW HITPOINT WARNING * * *
The white ugly thing freezes you!!
* * * LOW HITPOINT WARNING * * *
The white ugly thing is engulfed in freezing vapours.
The white ugly thing claws you but does no damage.
You feel yourself speed up.
The white ugly thing claws you but does no damage.
The white ugly thing claws you but does no damage.
Clouds arounds you coalesce and take form!
The white ugly thing claws you!
* * * LOW HITPOINT WARNING * * *
The white ugly thing freezes you!!
You feel protected from cold.
You die...

## ..# #.# #####.#
...#.# ###
#.#.##########.#####
###.E..E...>..........
#.E...○†..............
#...E@)[)....##...####
#.E.u.##########.##
#.#.#.# #.# ####.#.#.#
#.# ..........# #.#
#####.#.### #.# #.#.#
..# # #.# .## #.. .


You could see a white ugly thing, 2 friendly earth elementals, a friendly fire
elemental and 2 friendly air elementals.

Vanquished Creatures
  A minotaur (Gauntlet)
  2 ettins (Orc:2)
  A fire dragon (Lair:6)
  A death knight (D:11)
  An ogre mage (Orc:2)
  5 death yaks (Lair:6)
  7 two-headed ogres (Orc:2)
  2 deep trolls (Orc:2)
  2 glowing orange brains (Gauntlet)
  A lindwurm (Lair:6)
  4 oklob plants (Lair:5)
  2 orc sorcerers (Orc:2)
  3 cyclopes
  A manticore (D:7)
  3 ugly things
  5 black mambas
  3 molten gargoyles (Lair:6)
  11 spiny frogs
  8 komodo dragons
  5 rime drakes
  12 trolls
  3 polar bears
  2 hornets
  4 dream sheep (Lair:5)
  4 hippogriffs
  The ghost of justbritto the Gusty, an amateur TeAE (D:6)
  4 shadows (Gauntlet)
  2 wraiths (D:12)
  3 wyverns (Lair:6)
  4 hogs (D:11)
  Eustachio (D:5)
  A human (D:11)
  42 yaks
  5 basilisks
  3 hungry ghosts
  A steam dragon (Lair:6)
  3 vampire mosquitoes (Lair:2)
  An insubstantial wisp (Lair:2)
  3 nagas (Lair:3)
  4 wargs
  5 hell hounds (Lair:6)
  14 porcupines
  Duvessa (D:6)
  14 water moccasins
  4 sky beasts
  3 ice beasts
  26 ogres
  11 orc warriors
  2 black bears
  A necrophage (D:8)
  An eye of draining (D:10)
  7 phantoms
  7 wolves
  4 centaurs
  9 crocodiles
  A big kobold (D:10)
  Blork the orc (D:6)
  A gnoll sergeant (D:10)
  14 bullfrogs
  6 scorpions
  A wyvern skeleton (D:8)
  Dowan (D:6)
  15 killer bees
  An electric eel (Lair:4)
  5 lava snakes (Lair:6)
  3 howler monkeys (D:8)
  A quasit (D:11)
  13 crimson imps
  3 centaur zombies
  4 hounds
  18 jellies
  8 orc priests
  Crazy Yiuf (D:2)
  2 centaur skeletons
  A gnoll shaman (D:7)
  3 bullfrog skeletons
  8 worker ants
  22 orc wizards
  5 iguanas
  3 hell rats (Lair:3)
  A killer bee zombie (D:6)
  2 hound skeletons
  3 worker ant zombies
  15 adders
  21 gnolls
  7 river rats (Lair:3)
  6 shadow imps
  2 white imps (D:11)
  An ooze (Lair:5)
  5 worms
  A dart slug (D:1)
  5 leopard geckos
  67 orcs
  6 bats
  2 giant cockroaches (D:5)
  7 hobgoblins
  7 jackals
  9 kobolds
  3 quokkas
  A ball python (D:1)
  6 frilled lizards
  5 goblins
  2 leopard gecko skeletons
  18 rats
  2 fungi
  8 plants
633 creatures vanquished.

Vanquished Creatures (collateral kills)
  4 hydras (Lair:6)
  A death yak (Lair:6)
  An ogre mage (Orc:2)
  A black mamba (Lair:6)
  A wyvern (Lair:6)
  An orc warrior (Orc:1)
  2 orcs (Orc:1)
11 creatures vanquished.

Vanquished Creatures (others)
  2 orc wizards
  15 fungi
  23 plants
40 creatures vanquished.

Grand Total: 684 creatures vanquished

Notes
Turn   | Place    | Note
-------+----------+-------------------------------------------
     0 | D:1      | MatthieuS the Hill Orc Fighter began the quest for the Orb.
     0 | D:1      | Reached XP level 1. HP: 19/19 MP: 1/1
   219 | D:1      | Reached skill level 3 in Axes
   490 | D:1      | Reached XP level 2. HP: 23/27 MP: 2/2
   679 | D:1      | Reached skill level 4 in Axes
   820 | D:1      | You fall through a shaft!
   825 | D:2      | Reached XP level 3. HP: 33/33 MP: 3/3
   939 | D:2      | You fall through a shaft!
  1609 | D:2      | Reached XP level 4. HP: 40/41 MP: 4/4
  1838 | D:2      | Reached skill level 5 in Axes
  1984 | D:2      | Found a runed translucent door.
  1985 | D:2      | Noticed Crazy Yiuf
  2095 | D:2      | Killed Crazy Yiuf
  2590 | D:3      | Reached XP level 5. HP: 47/47 MP: 5/5
  2726 | D:3      | Reached skill level 6 in Axes
  2727 | D:3      | Reached skill level 5 in Fighting
  3089 | D:4      | Learned a level 2 spell: Blink
  3179 | D:4      | Found a shimmering altar of Xom.
  3179 | D:4      | Noticed an ogre
  3189 | D:4      | Killed an ogre
  3189 | D:4      | Reached skill level 7 in Axes
  3189 | D:4      | Reached XP level 6. HP: 30/56 MP: 6/6
  3212 | D:4      | Noticed a phantom
  3224 | D:4      | Killed a phantom
  3224 | D:4      | Reached skill level 8 in Axes
  3224 | D:4      | Reached XP level 7. HP: 21/63 MP: 7/7
  3800 | D:4      | Found a blossoming altar of Fedhas.
  4163 | D:5      | Entered Level 5 of the Dungeon
  4163 | D:5      | Noticed a yak
  4163 | D:5      | Noticed a yak
  4163 | D:5      | Noticed a yak
  4163 | D:5      | Noticed a yak
  4163 | D:5      | Noticed a yak
  4163 | D:5      | Noticed a yak
  4182 | D:4      | Killed a yak
  4182 | D:4      | Reached skill level 9 in Axes
  4537 | D:5      | Reached XP level 8. HP: 61/73 MP: 8/8
  4825 | D:5      | Reached skill level 10 in Axes
  4995 | D:5      | Reached skill level 11 in Axes
  5478 | D:5      | Killed a yak
  5486 | D:5      | Killed a yak
  5486 | D:5      | Reached XP level 9. HP: 47/82 MP: 9/9
  5494 | D:5      | Reached skill level 12 in Axes
  5509 | D:5      | HP: 3/82 [yak (11)]
  5892 | D:5      | Noticed Eustachio
  5903 | D:5      | Killed Eustachio
  6068 | D:5      | Reached skill level 13 in Axes
  6427 | D:6      | Noticed Blork the orc
  6440 | D:6      | Killed Blork the orc
  6627 | D:6      | Got a faintly glowing brass ring
  6628 | D:6      | Identified the ring "Wappapyo" {Fire -Tele Int+4 Dex+2}
                  | (You found it on level 6 of the Dungeon)
  6675 | D:6      | Noticed Duvessa
  6684 | D:6      | Noticed Dowan
  6814 | D:6      | Killed Dowan
  6816 | D:6      | Killed Duvessa
  7029 | D:6      | Found a large runed translucent door.
  7029 | D:6      | Found a large runed translucent door.
  7029 | D:6      | Noticed justbritto's ghost (amateur TeAE)
  7193 | D:6      | Killed justbritto's ghost
  7193 | D:6      | Reached skill level 10 in Fighting
  7193 | D:6      | Reached skill level 14 in Axes
  7395 | D:7      | Reached XP level 10. HP: 93/93 MP: 10/10
  7458 | D:7      | Reached skill level 1 in Dodging
  7473 | D:7      | Reached skill level 1 in Translocations
  7632 | D:7      | Paralysed by a hornet for 1 turns
  7804 | D:7      | Noticed a manticore
  7810 | D:7      | Killed a manticore
  8264 | D:7      | Found a stormy altar of Qazlal.
  8271 | D:7      | Became a worshipper of Qazlal Stormbringer
  8279 | D:7      | Found an ancient bone altar of Kikubaaqudgha.
  8561 | D:7      | Found a staircase to the Ecumenical Temple.
  8722 | D:8      | Found an ornate altar of the Wu Jian Council.
  8729 | D:8      | Reached skill level 15 in Axes
  8747 | D:8      | Reached skill level 5 in Armour
  8756 | D:8      | Reached * piety under Qazlal
  9236 | D:8      | Reached XP level 11. HP: 69/101 MP: 11/11
  9516 | D:9      | Found a staircase to the Orcish Mines.
 10139 | D:9      | Reached ** piety under Qazlal
 10195 | D:9      | Found a sparkling altar of Nemelex Xobeh.
 10424 | D:10     | Entered Level 10 of the Dungeon
 11169 | D:11     | Noticed a brown ugly thing
 11175 | D:11     | Killed a brown ugly thing
 11195 | D:11     | Found a flickering gateway to a bazaar.
 11204 | Bazaar   | Entered a bazaar
 11205 | Bazaar   | Found Qucoeg's Jewellery Boutique.
 11222 | Bazaar   | Found Yhadesh's Antique Armour Emporium.
 11228 | Bazaar   | Found Liremok's Weapon Emporium.
 11262 | Bazaar   | Found Bepicrum's Distillery.
 11270 | Bazaar   | Bought a potion of curing for 30 gold pieces
 11270 | Bazaar   | Bought a potion of might for 40 gold pieces
 11270 | Bazaar   | Bought a potion of might for 40 gold pieces
 11270 | Bazaar   | Bought a potion of curing for 30 gold pieces
 11288 | Bazaar   | Bought the ring "Vidd" {*Drain rPois MR+ Dex+4} for 495
                  | gold pieces
 11300 | Bazaar   | Bought a potion of invisibility for 80 gold pieces
 11656 | D:11     | Noticed a cyclops
 11669 | D:11     | Killed a cyclops
 11673 | D:11     | Reached skill level 1 in Spellcasting
 12057 | D:11     | Reached skill level 16 in Axes
 12128 | D:11     | Noticed a death knight
 12143 | D:11     | Reached *** piety under Qazlal
 12152 | D:11     | Killed a death knight
 12578 | D:11     | Found a staircase to the Lair.
 12630 | D:11     | Reached XP level 12. HP: 18/110 MP: 14/14
 12632 | D:11     | HP: 4/110 [yak (6)]
 13558 | Lair:1   | Entered Level 1 of the Lair of Beasts
 13783 | Lair:1   | Reached **** piety under Qazlal
 14273 | Lair:1   | Reached skill level 17 in Axes
 14535 | Lair:2   | Reached skill level 5 in Dodging
 14556 | Lair:1   | Reached skill level 5 in Translocations
 15054 | Lair:2   | Noticed an eight-headed hydra
 15070 | Lair:2   | HP: 5/112 [eight-headed hydra (11)]
 15089 | Lair:2   | Noticed a five-headed hydra
 16146 | Lair:3   | Found a staircase to the Snake Pit.
 16163 | Lair:3   | Reached skill level 1 in Invocations
 16185 | Lair:3   | Found a gate leading to a gauntlet.
 16194 | Gauntlet | Entered a Gauntlet
 16194 | Gauntlet | Found a large runed translucent door.
 16194 | Gauntlet | Found a large runed translucent door.
 16194 | Gauntlet | Found a large runed translucent door.
 16194 | Gauntlet | Found a large runed translucent door.
 16194 | Gauntlet | Found a transporter.
 16194 | Gauntlet | Found a large runed translucent door.
 16194 | Gauntlet | Found a large runed translucent door.
 16194 | Gauntlet | Found a large runed translucent door.
 16194 | Gauntlet | Found a large runed translucent door.
 16194 | Gauntlet | Found a runed translucent door.
 16194 | Gauntlet | Found a runed translucent gate.
 16194 | Gauntlet | Found a transporter.
 16194 | Gauntlet | Found a transporter.
 16194 | Gauntlet | Found a runed translucent gate.
 16194 | Gauntlet | Found a transporter.
 16201 | Gauntlet | Found a transporter.
 16210 | Gauntlet | Found a transporter.
 16212 | Gauntlet | Noticed a queen ant
 16213 | Gauntlet | Found a transporter.
 16224 | Gauntlet | Found a transporter.
 16232 | Gauntlet | Found a transporter.
 16234 | Gauntlet | Noticed a death scarab
 16249 | Gauntlet | Found a transporter.
 16257 | Gauntlet | Found a transporter.
 16274 | Gauntlet | Found a transporter.
 16278 | Gauntlet | Found a large runed translucent door.
 16278 | Gauntlet | Found a large runed translucent door.
 16279 | Gauntlet | Found a large runed translucent door.
 16279 | Gauntlet | Found a large runed translucent door.
 16280 | Gauntlet | Found a large runed translucent door.
 16280 | Gauntlet | Found a large runed translucent door.
 16280 | Gauntlet | Found a large runed translucent door.
 16280 | Gauntlet | Found a large runed translucent door.
 16281 | Gauntlet | Found a runed translucent door.
 16356 | Gauntlet | Found a runed translucent gate.
 16549 | Gauntlet | Reached XP level 13. HP: 119/119 MP: 17/17
 16879 | Gauntlet | Noticed a minotaur
 16892 | Gauntlet | Killed a minotaur
 17827 | Lair:4   | Found a staircase to the Shoals.
 18331 | Lair:4   | Reached skill level 5 in Invocations
 18505 | Lair:5   | Reached skill level 18 in Axes
 18830 | Lair:5   | Found a staircase to the Slime Pits.
 19113 | Lair:5   | Reached ***** piety under Qazlal
 19728 | Lair:6   | Entered Level 6 of the Lair of Beasts
 19775 | Lair:6   | Reached skill level 10 in Armour
 19783 | Lair:6   | Reached XP level 14. HP: 37/130 MP: 12/19
 21312 | Lair:6   | Found a large runed translucent door.
 21313 | Lair:6   | Found a large runed translucent door.
 22034 | Orc:1    | Entered Level 1 of the Orcish Mines
 22101 | Orc:1    | Found a roughly hewn altar of Beogh.
 22190 | Orc:2    | Entered Level 2 of the Orcish Mines
 22194 | Orc:2    | Found a staircase to the Elven Halls.
 22601 | Orc:2    | Reached skill level 19 in Axes
 22827 | Orc:2    | Paralysed by an orc sorcerer for 2 turns
 22830 | Orc:2    | Found Uliabeimer's Gadget Emporium.
 22862 | Orc:2    | Reached skill level 10 in Invocations
 22903 | Orc:2    | Reached XP level 15. HP: 46/139 MP: 22/22
 23205 | Orc:2    | Found Tennuibb's Assorted Antiques.
 23206 | Orc:2    | Found Veiqus's Food Boutique.
 23213 | Orc:2    | Bought a scroll of teleportation for 81 gold pieces
 23213 | Orc:2    | Bought a scroll of blinking for 202 gold pieces
 23213 | Orc:2    | Bought a pair of glowing gloves for 202 gold pieces
 23213 | Orc:2    | Bought a thick cabochon amulet for 135 gold pieces
 23231 | Orc:2    | Found Evyjut's Book Shoppe.
 23711 | D:12     | Slain by a white ugly thing

Levels and vault maps discovered:
D:1:      nagdon_arrival_zigzag_paths, layout_basic, minmay_misc_feat_ornament
D:2:      layout_loops_ring, minmay_tetromino_i2, uniq_crazy_yiuf_cottage
D:3:      layout_loops_ring, portal_sewer_entry_d, first_ration
D:4:      layout_basic, nicolae_overflow_crystal_walls, fedhas_altar_2
D:5:      wander_river, layout_basic, uniq_eustachio
D:6:      layout_cave_pools, ebering_ghost_disaster_area, uniq_blork_the_orc,
          uniq_duvessa
D:7:      minmay_slanted_spiral_squares, layout_loops_cross,
          amethyst_overflow_temple_binary, temple_green
D:8:      layout_basic, lemuel_round_altar
D:9:      layout_cave_pools, lemuel_crystal_altar, david_orc_1_choice
D:10:     layout_irregular_city
D:11:     layout_grid_maze, minmay_lair_entry_grove, serial_shops,
          bzr_in_the_mist, grunt_livestock, grunt_decor_cap,
          nicolae_water_bricks, minmay_nine_imps
D:12:     layout_loops_ring, serial_shops, kennysheep_mini_moat, uniq_josephine
Lair:1:   layout_cave_pods, beast_lair_carwin_2, grunt_megastairs_2
Lair:2:   layout_chaotic_city, pond
Lair:3:   layout_regular_city, minmay_snake_entry_guardpost_small,
          gauntlet_entry_generic, fungi_pond_lemuel, kennysheep_abandoned_house
Lair:4:   layout_long_grid, minmay_shoals_entry_centaurs,
          gammafunk_lair_bear_cave
Lair:5:   layout_regular_city, minmay_slime_entry_jelly_boxes, st_stairs_5,
          grunt_megastairs_4, minmay_lair_oklob_chamber
Lair:6:   cheibrodos_lair_end_hotspot, layout_long_grid
Orc:1:    layout_caves, nicolae_orc_lost_temple
Orc:2:    st_orc_open, layout_caves
Bazaar:   bazaar_kb_twisted_cavern
Gauntlet: gammafunk_gauntlet_shortcut [gammafunk_gauntlet_arena_spirals,
          gammafunk_gauntlet_arena_open,
          minmay_gauntlet_arena_make_your_own_arena,
          gammafunk_gauntlet_arena_crates, nicolae_gauntlet_arena_grate_2,
          gammafunk_gauntlet_arena_arrow_garden, gauntlet_exit_spiral]

Skill      XL: |  1  2  3  4  5  6  7  8  9 10 11 12 13 14 |
---------------+-------------------------------------------+-----
Axes           | 3 4 5 7 8 9 11 14 15 16 17 18 19 | 19.4
Fighting       | 4 5 6 7 8 10 11 12 13 14 | 14.9
Dodging        | 2 4 5 |  5.2
Translocations | 2 4 5 |  5.0
Armour         | 5 6 8 10 11 | 11.7
Spellcasting   | 1 3 |  3.3
Invocations    | 2 7 10 | 10.4
Shields        | |  3.2

Action                   |  1- 3 |  4- 6 |  7- 9 | 10-12 | 13-15 || total
-------------------------+-------+-------+-------+-------+-------++-------
Melee: War axe           |   134 |    97 |   296 |       |       ||   527
       Battleaxe         |       |       |    44 |   569 |   474 ||  1087
Invok: Elemental Force   |       |       |       |     5 |     9 ||    14
       Upheaval          |       |       |       |       |     1 ||     1
Evoke: Wand              |       |       |       |     6 |     1 ||     7
  Use: Scroll            |       |     5 |       |    19 |     5 ||    29
       Potion            |       |     1 |     6 |     8 |     6 ||    21
 Stab: Distracted        |       |       |     1 |       |     1 ||     2
  Eat: Chunk             |     2 |     6 |    12 |    19 |    14 ||    53
       Ration            |       |       |     1 |     4 |     3 ||     8
Armor: Scale mail        |    59 |    36 |   119 |   148 |       ||   362
       Skin              |       |       |     2 |       |       ||     2
       Plate armour      |       |       |       |   181 |     8 ||   189
       Chain mail        |       |       |       |       |   149 ||   149
Dodge: Dodged            |    42 |    25 |    79 |   297 |   187 ||   630
       Deflected         |       |       |       |       |     8 ||     8
Block: Shield            |    61 |    31 |   113 |       |       ||   205
       Other             |       |       |       |    61 |    96 ||   157

Table legend:
 A = Non-vault XP
 B = Vault XP
 C = Vault XP percentage of total XP
 D = Non-vault monster count
 E = Vault monster count
 F = Vault count percentage of total count
                 A         B        C        D         E       F
            +---------+---------+-------+---------+---------+-------
      Total |   46632 |   43021 |  48.0 |     441 |     195 |  30.7
            +---------+---------+-------+---------+---------+-------
        D:1 |      33 |       0 |   0.0 |      20 |       0 |   0.0
        D:2 |      67 |      43 |  39.1 |      18 |       3 |  14.3
        D:3 |      68 |      13 |  16.0 |      14 |       1 |   6.7
        D:4 |     858 |       0 |   0.0 |      26 |       0 |   0.0
        D:5 |    2322 |     203 |   8.0 |      39 |       1 |   2.5
        D:6 |     498 |     505 |  50.3 |      16 |       4 |  20.0
        D:7 |    1996 |    1143 |  36.4 |      25 |      12 |  32.4
        D:8 |    1506 |       0 |   0.0 |      26 |       0 |   0.0
        D:9 |    2311 |     759 |  24.7 |      37 |       9 |  19.6
       D:10 |     656 |     143 |  17.9 |      11 |       1 |   8.3
       D:11 |    4021 |    3336 |  45.3 |      32 |      26 |  44.8
       D:12 |    2631 |       0 |   0.0 |      36 |       0 |   0.0
     Lair:1 |    4389 |    1155 |  20.8 |      20 |       6 |  23.1
     Lair:2 |    3563 |     699 |  16.4 |      16 |       4 |  20.0
     Lair:3 |    1014 |    1071 |  51.4 |       8 |      22 |  73.3
     Lair:4 |    3128 |     956 |  23.4 |      13 |       6 |  31.6
     Lair:5 |    3616 |    4171 |  53.6 |      15 |      26 |  63.4
     Lair:6 |    8952 |    8666 |  49.2 |      20 |      28 |  58.3
      Orc:1 |    1050 |       0 |   0.0 |      17 |       0 |   0.0
      Orc:2 |    3953 |   15593 |  79.8 |      32 |      37 |  53.6
   Gauntlet |       0 |    4565 | 100.0 |       0 |       9 | 100.0
            +---------+---------+-------+---------+---------+-------
